 Dungeon Crawl Stone Soup version 0.21-a0-538-gd16b88a (console) character file.

86 Eb the Magician (level 4, -7/45 HPs)
             Began as a Barachi Wizard on Dec 16, 2017.
             Mangled by Crazy Yiuf
             ... wielding a +4 quarterstaff of chaos
              (12 damage)
             ... on level 2 of the Dungeon.
             The game lasted 00:07:08 (2093 turns).

Eb the Magician (Barachi Wizard)                    Turns: 2093, Time: 00:07:08

Health: -7/45      AC:  6    Str: 13    XL:     4   Next: 49%
Magic:  0/9        EV: 12    Int: 19    God:
Gold:   50         SH:  3    Dex: 11    Spells: 5/10 levels left

rFire    . . .     SeeInvis .   b - +0 hunting sling (curse)
rCold    . . .     Gourm    .   V - +0 buckler
rNeg     . . .     Faith    .   k - +0 robe
rPois    .         Spirit   .   g - +0 helmet
rElec    .         Reflect  .   (no cloak)
rCorr    .         Harm     .   (no gloves)
MR       .....                  r - +2 pair of boots
Stlth    ..........             (no amulet)
HPRegen  0.15/turn              (no ring)
MPRegen  0.11/turn              (no ring)

@: berserking, can't hop, drained, very quick
A: +LOS, swims, slowness 1, strong legs 1
a: Hop


You were on level 2 of the Dungeon.
You were hungry.

You visited 1 branch of the dungeon, and saw 2 of its levels.

You collected 50 gold pieces.

Inventory:

Hand Weapons
 a - a +0 spear
 b - a cursed +0 hunting sling (weapon)
 n - a +0 dagger
Missiles
 i - 93 stones (quivered)
 q - 12 poisoned needles
 s - 33 arrows
Armour
 g - a +0 helmet (worn)
 k - a +0 robe (worn)
 m - a +0 hat
 r - a +2 pair of boots (worn)
 V - a +0 buckler (worn)
Scrolls
 f - 2 scrolls of teleportation {unknown}
 h - a scroll of enchant armour {unknown}
 j - a scroll of enchant weapon {unknown}
 l - 2 scrolls of noise {unknown}
Potions
 e - a potion of flight {unknown}
 p - a potion of berserk rage
 t - a potion of might {unknown}
Books
 c - a book of Minor Magic

   Spells                             Type                      Level
   a - Magic Dart                     Conjuration                  1
   b - Blink                          Translocation                2
   c - Call Imp                       Summoning                    2
   d - Slow                           Hexes                        2
   e - Conjure Flame                  Conjuration/Fire             3
   f - Mephitic Cloud                 Conjuration/Poison/Air       3
Comestibles
 d - 2 bread rations


   Skills:
 * Level 1.3(1.0) Slings
 + Level 2.9(2.5) Dodging
 - Level 2.0(1.6) Stealth
 * Level 1.4(1.0) Shields
 + Level 3.7(3.3) Spellcasting
 - Level 2.0(1.6) Conjurations
 - Level 2.0(1.6) Summonings
 - Level 1.1(0.7) Translocations


You had 5 spell levels left.
You knew the following spells:

 Your Spells              Type           Power        Failure   Level  Hunger
b - Blink                 Tloc           N/A          24%         2    ##.....
d - Magic Dart            Conj           #...         11%         1    None
i - Call Imp              Summ           #.......     16%         2    ##.....


Dungeon Overview and Level Annotations

Branches:
Dungeon (2/15)

Altars:

Annotations:
D:2 Crazy Yiuf


Innate Abilities, Weirdness & Mutations

Shadows flee at your approach. (+LOS)
You can swim through water.
You cover ground slowly.
You can hop short distances.


Message History

You barely miss Crazy Yiuf.
Crazy Yiuf is severely wounded.
Crazy Yiuf cries, "Powder hand illywillydillykilly!"
Crazy Yiuf hits you with a quarterstaff of chaos.
You closely miss Crazy Yiuf.
Crazy Yiuf is severely wounded.
Crazy Yiuf says, "Fluff sing-song arm!"
Crazy Yiuf barely misses you.
You completely miss Crazy Yiuf.
Crazy Yiuf is severely wounded.
You clumsily bash Crazy Yiuf but do no damage.
Crazy Yiuf is severely wounded.
You block Crazy Yiuf's attack.
You are too berserk!
You clumsily bash Crazy Yiuf but do no damage.
Crazy Yiuf is severely wounded.
Crazy Yiuf hits you with a quarterstaff of chaos!
* * * LOW HITPOINT WARNING * * *
You are electrocuted!
You die...

#........#.##.##.
#..######.###.##.
##.(.# ##.###.##.
#.(.(# #.........
#.(..# #########.
♣.(..♣ #. ♣.(.♣♣
##. ♣♣g♣♣ #.<
♣@♣♣ #.. ♣♣.♣ #..
♣.♣♣ ##. ♣♣.♣ #.
#'# #. ... #.
#...# #. #..)# ##
##### ####


You could see Crazy Yiuf.

Vanquished Creatures
  An adder (D:2)
  A dart slug (D:1)
  4 leopard geckos
  2 bats (D:2)
  3 goblins
  7 hobgoblins
  2 jackals (D:2)
  A quokka (D:2)
  4 frilled lizards
  7 kobolds
  8 rats
40 creatures vanquished.

Vanquished Creatures (collateral kills)
  A worker ant (D:2)
  2 adders (D:2)
  A frilled lizard (D:2)
4 creatures vanquished.

Grand Total: 44 creatures vanquished

Notes
Turn   | Place    | Note
-------+----------+-------------------------------------------
     0 | D:1      | Eb the Barachi Wizard began the quest for the Orb.
     0 | D:1      | Reached XP level 1. HP: 13/13 MP: 4/4
   158 | D:1      | Reached XP level 2. HP: 19/19 MP: 1/6
   162 | D:1      | Learned a level 2 spell: Call Imp
   165 | D:1      | Learned a level 2 spell: Blink
   909 | D:2      | Reached XP level 3. HP: 24/24 MP: 1/8
  1502 | D:2      | Reached XP level 4. HP: 27/30 MP: 6/9
  1537 | D:2      | Reached skill level 1 in Shields
  1541 | D:2      | Reached skill level 1 in Slings
  1858 | D:2      | Found a runed door.
  2053 | D:2      | Noticed Crazy Yiuf
  2093 | D:2      | Mangled by Crazy Yiuf

Vault maps used:
D:1:      doesnt_arrival_eight_statues, minmay_misc_feat_tiny
D:2:      wad_river_or_something, uniq_crazy_yiuf_cottage

Skill      XL: |  1  2  3  4 |
---------------+-------------+-----
Stealth        | 2 |  2.0
Conjurations   | 2 |  2.0
Shields        | 1 |  1.4
Slings         | 1 |  1.3
Summonings     | 2 |  2.0
Dodging        | |  2.9
Spellcasting   | |  3.7
Translocations | |  1.1

Action                   |  1- 3 |  4- 6 || total
-------------------------+-------+-------++-------
Melee: Unarmed           |     7 |       ||     7
       Hunting sling     |       |     6 ||     6
 Fire: Hunting sling     |    43 |    47 ||    90
 Cast: Magic Dart        |    46 |    10 ||    56
       Call Imp          |     5 |     7 ||    12
 Abil: Hop               |     1 |     1 ||     2
  Use: Potion            |       |     1 ||     1
  Eat: Chunk             |     2 |     2 ||     4
Armor: Robe              |    10 |     4 ||    14
Dodge: Dodged            |    21 |     8 ||    29
Block: Buckler           |     4 |     5 ||     9

Table legend:
 A = Spawn XP
 B = Non-spawn XP
 C = Spawn XP percentage of total XP
 D = Spawn monster count
 E = Non-spawn monster count
 F = Spawn count percentage of total count
 G = Total turns spent on level
                    A         B        C        D         E        F      G
               +---------+---------+-------+---------+---------+-------+---------
         Total |       0 |     123 |   0.0 |       0 |      44 |   0.0 |  2093
               +---------+---------+-------+---------+---------+-------+---------
           D:1 |       0 |      29 |   0.0 |       0 |      17 |   0.0 |   894
           D:2 |       0 |      94 |   0.0 |       0 |      27 |   0.0 |  1199
               +---------+---------+-------+---------+---------+-------+---------
